SL
GRAFTON MIDDIES @ THUNDER BAY NORTHERN LIONS BC
07/28/2029
 
TOP OF THE 1ST
Grafton Middies batting - Pitching for Thunder Bay Northern Lions BC : RHP Tyler MacHugh
Pitching: RHP Tyler MacHugh
Batting: RHB Pedro Santos 0-0: Ball
1-0: Ball
2-0: Fly out, F7 (Flyball, 7S)
Batting: RHB Carlos Maldonado 0-0: Swinging Strike
0-1: Foul Ball, location: 2F
0-2: Hit by Pitch
Batting: LHB Mario Ramos 0-0: Ball
1-0: Ball
Carlos Maldonado steals 2nd base
2-0: Ball
3-0: Base on Balls
Batting: LHB Jorge Flores 0-0: Ball
1-0: Fly out, F9 (Flyball, 9S)
Batting: RHB Stefano Gaddi 0-0: Foul Ball, location: 2F
0-1: DOUBLE (Line Drive, 78M)
Carlos Maldonado scores
Mario Ramos to third
Batting: RHB Cristo González 0-0: Foul Ball, location: 2F
0-1: Ball
1-1: Ball
2-1: Swinging Strike
2-2: Foul Ball, location: 2F
2-2: DOUBLE (Line Drive, 7LD)
Mario Ramos scores
Stefano Gaddi scores
Batting: SHB Jack MacAsgill 0-0: Ball
1-0: Called Strike
1-1: Called Strike
1-2: Ball
2-2: Foul Ball, location: 2F
2-2: Ball
3-2: Ground out 5-3 (Groundball, 5)
Top of the 1st over - 3 runs, 2 hits, 0 errors, 1 left on base; Grafton 3 - Thunder Bay 0
BOTTOM OF THE 1ST
Thunder Bay Northern Lions BC batting - Pitching for Grafton Middies : RHP Dave Turner
Pitching: RHP Dave Turner
Batting: RHB Rafael Pueblo 0-0: Called Strike
0-1: Swinging Strike
0-2: Ball
1-2: SINGLE (Line Drive, 3)
Batting: RHB António Mendoza 0-0: Called Strike
0-1: Called Strike
0-2: Ball
1-2: Strikes out swinging
Batting: RHB Xavier Pérez Pickoff Throw to First - Error! E1
Rafael Pueblo to second
0-0: Called Strike
0-1: Ball
1-1: Fly out, F7 (Flyball, 7LMF)
Batting: RHB Denis Higgins 0-0: Ball
1-0: Ball
2-0: Foul Ball, location: 2F
2-1: Fly out, F8 (Flyball, 8RD)
Bottom of the 1st over - 0 runs, 1 hit, 1 error, 1 left on base; Grafton 3 - Thunder Bay 0
TOP OF THE 2ND
Grafton Middies batting - Pitching for Thunder Bay Northern Lions BC : RHP Tyler MacHugh
Batting: LHB John Meléndez 0-0: Ground out 5-3 (Groundball, 56)
Batting: LHB Phil MacNamara 0-0: DOUBLE (Line Drive, 8RXD)
Batting: RHB Pedro Santos 0-0: SINGLE (Line Drive, 89S)
Phil MacNamara to third
Batting: RHB Carlos Maldonado 0-0: Ball
1-0: Called Strike
1-1: Ball
2-1: Called Strike
2-2: SINGLE (Line Drive, 78S)
Phil MacNamara scores
Pedro Santos to second
Batting: LHB Mario Ramos 0-0: Ball
1-0: Called Strike
1-1: Called Strike
1-2: Ball
2-2: Strikes out swinging
Batting: LHB Jorge Flores 0-0: Fly out, F7 (Line Drive, 7)
Top of the 2nd over - 1 run, 3 hits, 0 errors, 2 left on base; Grafton 4 - Thunder Bay 0
BOTTOM OF THE 2ND
Thunder Bay Northern Lions BC batting - Pitching for Grafton Middies : RHP Dave Turner
Batting: SHB Carlos Rodríguez 0-0: Foul Ball, location: 2F
0-1: Ball
1-1: Ball
2-1: Ground out 6-3 (Groundball, 6)
Batting: RHB Carlos Padilla 0-0: Ball
1-0: Foul Ball, location: 2F
1-1: Ball
2-1: Foul Ball, location: 2F
2-2: Foul Ball, location: 2F
2-2: Ball
3-2: Strikes out swinging, 2-3 out at first.
Batting: RHB Gabriel Rodríguez 0-0: Ball
1-0: Called Strike
1-1: Ball
2-1: Foul Ball, location: 2F
2-2: Fly out, F5 (Line Drive, 5)
Bottom of the 2nd over - 0 runs, 0 hits, 0 errors, 0 left on base; Grafton 4 - Thunder Bay 0
TOP OF THE 3RD
Grafton Middies batting - Pitching for Thunder Bay Northern Lions BC : RHP Tyler MacHugh
Batting: RHB Stefano Gaddi 0-0: Called Strike
0-1: Foul Ball, location: 2F
0-2: Foul Ball, location: 2F
0-2: Ball
1-2: Ball
2-2: Ground out 5-3 (Groundball, 56)
Batting: RHB Cristo González 0-0: Called Strike
0-1: SOLO HOME RUN (Flyball, 7LD), Distance : 367 ft
Batting: SHB Jack MacAsgill 0-0: Ball
1-0: Foul Ball, location: 2F
1-1: Ground out 5-3 (Groundball, 56)
Batting: LHB John Meléndez 0-0: Called Strike
0-1: Foul Ball, location: 2F
0-2: Ball
1-2: Strikes out looking
Top of the 3rd over - 1 run, 1 hit, 0 errors, 0 left on base; Grafton 5 - Thunder Bay 0
BOTTOM OF THE 3RD
Thunder Bay Northern Lions BC batting - Pitching for Grafton Middies : RHP Craig Whitney
Pitching: RHP Craig Whitney
Batting: RHB Augusto Encarnación 0-0: Fly out, F8 (Flyball, 8LXD)
Batting: RHB Keith Fish 0-0: SINGLE (Groundball, 3D)
Batting: RHB Rafael Pueblo 0-0: Ball
1-0: Called Strike
Keith Fish steals 2nd base
1-1: Ground out U3 (Groundball, 3L)
Keith Fish to third
Batting: RHB António Mendoza 0-0: Foul Ball, location: 2F
0-1: Ball
1-1: Foul Ball, location: 2F
1-2: Ground out 4-3 (Groundball, 4)
Bottom of the 3rd over - 0 runs, 1 hit, 0 errors, 1 left on base; Grafton 5 - Thunder Bay 0
TOP OF THE 4TH
Grafton Middies batting - Pitching for Thunder Bay Northern Lions BC : RHP Tyler MacHugh
Batting: LHB Phil MacNamara 0-0: Called Strike
0-1: Swinging Strike
0-2: Foul Ball, location: 2F
0-2: Ground out 1-3 (Groundball, 13)
Batting: RHB Pedro Santos 0-0: Foul Ball, location: 2F
0-1: Ball
1-1: Swinging Strike
1-2: Ground out 1-3 (Groundball, 13S)
Batting: RHB Carlos Maldonado 0-0: Foul Ball, location: 2F
0-1: Ball
1-1: Ground out 1-3 (Groundball, 15S)
Top of the 4th over - 0 runs, 0 hits, 0 errors, 0 left on base; Grafton 5 - Thunder Bay 0
BOTTOM OF THE 4TH
Thunder Bay Northern Lions BC batting - Pitching for Grafton Middies : RHP Craig Whitney
Batting: RHB Xavier Pérez 0-0: Called Strike
0-1: Ball
1-1: Swinging Strike
1-2: Foul Ball, location: 2F
1-2: Foul Ball, location: 2F
1-2: Foul Ball, location: 2F
1-2: Ball
2-2: Strikes out swinging
Batting: RHB Denis Higgins 0-0: Foul Ball, location: 2F
0-1: Swinging Strike
0-2: Strikes out swinging
Batting: SHB Carlos Rodríguez 0-0: Ball
1-0: Ball
2-0: Called Strike
2-1: Swinging Strike
2-2: Ball
3-2: Foul Ball, location: 2F
3-2: Strikes out looking
Bottom of the 4th over - 0 runs, 0 hits, 0 errors, 0 left on base; Grafton 5 - Thunder Bay 0
TOP OF THE 5TH
Grafton Middies batting - Pitching for Thunder Bay Northern Lions BC : RHP Tyler MacHugh
Batting: LHB Mario Ramos 0-0: Called Strike
0-1: Swinging Strike
0-2: Ball
1-2: Foul Ball, location: 2F
1-2: SINGLE (Flyball, 8LS)
Batting: LHB Jorge Flores 0-0: Called Strike
0-1: Ball
1-1: Foul Ball, location: 2F
1-2: Ball
2-2: Foul Ball, location: 2F
2-2: 2-RUN HOME RUN (Flyball, 7LD), Distance : 377 ft
Batting: RHB Stefano Gaddi 0-0: Swinging Strike
0-1: Ball
1-1: Fly out, F7 (Flyball, 7S)
Batting: RHB Cristo González 0-0: Called Strike
0-1: Ball
1-1: DOUBLE (Line Drive, 9LM) - OUT at third base trying to stretch hit.
Batting: SHB Jack MacAsgill 0-0: Called Strike
0-1: Ball
1-1: Ball
2-1: Fly out, F2 (Popup, 5SF)
Top of the 5th over - 2 runs, 3 hits, 0 errors, 0 left on base; Grafton 7 - Thunder Bay 0
BOTTOM OF THE 5TH
Thunder Bay Northern Lions BC batting - Pitching for Grafton Middies : RHP Craig Whitney
Batting: RHB Carlos Padilla 0-0: Ball
1-0: Swinging Strike
1-1: Ball
2-1: Ground out 4-3 (Groundball, 4)
Batting: RHB Gabriel Rodríguez 0-0: Ball
1-0: Called Strike
1-1: Foul Ball, location: 2F
1-2: Ball
2-2: Ball
3-2: Strikes out looking
Batting: RHB Augusto Encarnación 0-0: Called Strike
0-1: Ground out 6-3 (Groundball, 6S)
Bottom of the 5th over - 0 runs, 0 hits, 0 errors, 0 left on base; Grafton 7 - Thunder Bay 0
TOP OF THE 6TH
Grafton Middies batting - Pitching for Thunder Bay Northern Lions BC : RHP Tyler MacHugh
Batting: LHB John Meléndez 0-0: Called Strike
0-1: Ball
1-1: Called Strike
1-2: Ball
2-2: Ball
3-2: Fly out, F7 (Flyball, 7D)
Batting: LHB Phil MacNamara 0-0: Swinging Strike
0-1: Swinging Strike
0-2: Ball
1-2: Strikes out swinging
Batting: RHB Pedro Santos 0-0: Ball
1-0: Swinging Strike
1-1: Swinging Strike
1-2: Ball
2-2: Foul Ball, location: 2F
2-2: Ball
3-2: Strikes out looking
Top of the 6th over - 0 runs, 0 hits, 0 errors, 0 left on base; Grafton 7 - Thunder Bay 0
BOTTOM OF THE 6TH
Thunder Bay Northern Lions BC batting - Pitching for Grafton Middies : RHP Craig Whitney
Batting: RHB Keith Fish 0-0: Swinging Strike
0-1: Ground out 6-3 (Groundball, 6)
Batting: RHB Rafael Pueblo 0-0: Ball
1-0: Reached on error, E3 (Groundball, 34)
Batting: RHB António Mendoza 0-0: Ball
1-0: Ball
2-0: Foul Ball, location: 2F
2-1: Foul Ball, location: 2F
2-2: Ball
3-2: Base on Balls
Rafael Pueblo to second
Batting: RHB Xavier Pérez 0-0: Ball
1-0: Called Strike
1-1: Ball
2-1: Ball
3-1: Called Strike
3-2: Base on Balls
Rafael Pueblo to third
António Mendoza to second
Pitching: RHP Bob Browning
Batting: RHB Denis Higgins 0-0: Ball
1-0: Called Strike
1-1: Ball
2-1: Foul Ball, location: 2F
2-2: Foul Ball, location: 2F
2-2: Strikes out swinging
Batting: SHB Carlos Rodríguez 0-0: Called Strike
0-1: Swinging Strike
0-2: Ball
1-2: Strikes out swinging
Bottom of the 6th over - 0 runs, 0 hits, 1 error, 3 left on base; Grafton 7 - Thunder Bay 0
TOP OF THE 7TH
Grafton Middies batting - Pitching for Thunder Bay Northern Lions BC : RHP Tyler MacHugh
Batting: RHB Carlos Maldonado 0-0: Ball
1-0: Called Strike
1-1: SOLO HOME RUN (Flyball, 7LD), Distance : 354 ft
Pitching: RHP Bayram Tanaoglu
Batting: LHB Mario Ramos 0-0: Foul Ball, location: 2F
0-1: Ball
1-1: Ball
2-1: Ball
3-1: Foul Ball, location: 2F
3-2: Foul Ball, location: 2F
3-2: Ground out 6-3 (Groundball, 6M)
Batting: LHB Jorge Flores 0-0: Foul Ball, location: 2F
0-1: Ball
1-1: Ball
2-1: Ground out 5-3 (Groundball, 56S)
Batting: RHB Stefano Gaddi 0-0: Fly out, F7 (Flyball, 7D)
Top of the 7th over - 1 run, 1 hit, 0 errors, 0 left on base; Grafton 8 - Thunder Bay 0
BOTTOM OF THE 7TH
Thunder Bay Northern Lions BC batting - Pitching for Grafton Middies : RHP Bob Browning
Batting: RHB Carlos Padilla 0-0: Hit by Pitch
Batting: RHB Gabriel Rodríguez 0-0: Ball
1-0: Grounds into double play, 6-4-3 (Groundball, 6M)
Batting: RHB Augusto Encarnación 0-0: Foul Ball, location: 2F
0-1: Called Strike
0-2: Strikes out swinging
Bottom of the 7th over - 0 runs, 0 hits, 0 errors, 0 left on base; Grafton 8 - Thunder Bay 0
TOP OF THE 8TH
Grafton Middies batting - Pitching for Thunder Bay Northern Lions BC : RHP Bayram Tanaoglu
Batting: RHB Cristo González 0-0: Called Strike
0-1: Ball
1-1: Swinging Strike
1-2: Strikes out swinging
Batting: SHB Jack MacAsgill 0-0: Ground out U3 (Groundball, 34S)
Batting: LHB John Meléndez 0-0: SINGLE (Flyball, 8LS)
Batting: LHB Phil MacNamara 0-0: Foul Ball, location: 2F
0-1: Ground out 4-3 (Groundball, 4)
Top of the 8th over - 0 runs, 1 hit, 0 errors, 1 left on base; Grafton 8 - Thunder Bay 0
BOTTOM OF THE 8TH
Thunder Bay Northern Lions BC batting - Pitching for Grafton Middies : RHP Bob Browning
Batting: RHB Keith Fish 0-0: Called Strike
0-1: Fly out, F3 (Popup, 3)
Batting: RHB Rafael Pueblo 0-0: Ball
1-0: Called Strike
1-1: Called Strike
1-2: Ground out 6-3 (Groundball, 6)
Batting: RHB António Mendoza 0-0: Called Strike
0-1: Called Strike
0-2: Foul Ball, location: 2F
0-2: Ball
1-2: Fly out, F4 (Line Drive, 4M)
Bottom of the 8th over - 0 runs, 0 hits, 0 errors, 0 left on base; Grafton 8 - Thunder Bay 0
TOP OF THE 9TH
Grafton Middies batting - Pitching for Thunder Bay Northern Lions BC : RHP Bayram Tanaoglu
Pitching: RHP Rodas Aguilar
Batting: RHB Pedro Santos 0-0: Ball
1-0: Foul Ball, location: 2F
1-1: Ball
2-1: Foul Ball, location: 2F
2-2: Ball
3-2: Base on Balls
Batting: RHB Carlos Maldonado 0-0: Foul Ball, location: 2F
0-1: Called Strike
0-2: Strikes out swinging
Batting: LHB Mario Ramos 0-0: Ball
1-0: Called Strike
1-1: Fly out, F8 (Flyball, 89S)
Batting: LHB Jorge Flores 0-0: Ball
1-0: Ground out U3 (Groundball, 3)
Top of the 9th over - 0 runs, 0 hits, 0 errors, 1 left on base; Grafton 8 - Thunder Bay 0
BOTTOM OF THE 9TH
Thunder Bay Northern Lions BC batting - Pitching for Grafton Middies : RHP Bob Browning
Batting: RHB Xavier Pérez 0-0: Ball
1-0: Called Strike
1-1: Swinging Strike
1-2: Strikes out swinging
Batting: RHB Denis Higgins 0-0: Called Strike
0-1: Ball
1-1: Called Strike
1-2: Strikes out swinging
Batting: SHB Carlos Rodríguez 0-0: Foul Ball, location: 2F
0-1: SOLO HOME RUN (Flyball, 9D), Distance : 355 ft
Batting: RHB Carlos Padilla 0-0: Ball
1-0: Fly out, F9 (Flyball, 9S)
Bottom of the 9th over - 1 run, 1 hit, 0 errors, 0 left on base; Grafton 8 - Thunder Bay 1
Tuesday, December 19th, 2017 - OOTP Baseball 18.8 Build 76